 Dungeon Crawl Stone Soup version 0.23.0-3-gf3c87f2 (webtiles) character file.

Game seed: 4291121713768276491

17 Scud the Caller (level 2, 0/15 HPs)
             Began as a Kobold Summoner on Feb 22, 2019.
             Killed from afar by Crazy Yiuf (5 damage)
             ... with a wand of flame (24)
             ... on level 2 of the Dungeon.
             The game lasted 00:06:23 (2133 turns).

Scud the Caller (Kobold Summoner)                   Turns: 2133, Time: 00:06:23

Health: 0/15       AC:  2    Str:  4 (5)  XL:     2   Next: 80%
Magic:  0/5        EV: 15    Int: 15 (16) God:
Gold:   46         SH:  0    Dex: 12 (15) Spells: 4/5 levels left

rFire    . . .     SeeInvis .   (weapon restricted)
rCold    . . .     Gourm    .   (shield restricted)
rNeg     . . .     Faith    .   a - +0 robe
rPois    .         Spirit   .   (no helmet)
rElec    .         Reflect  .   (no cloak)
rCorr    .         Harm     .   (no gloves)
MR       .....                  (no boots)
Stlth    ++........             (no amulet)
HPRegen  0.05/turn              (no ring)
MPRegen  0.09/turn              (no ring)

@: slowed, lightly drained, very slow
A: small, carnivore
a: no special abilities


You were on level 2 of the Dungeon.
You were very full.

You visited 1 branch of the dungeon, and saw 2 of its levels.

You collected 46 gold pieces.

Inventory:

Armour
 a - a +0 robe (worn)
Wands
 h - a wand of paralysis (8)
Scrolls
 b - 3 scrolls of teleportation {unknown}
 d - a scroll of enchant weapon
 f - a scroll of remove curse {unknown}
 g - a scroll of amnesia {unknown}
Potions
 e - a potion of agility
Comestibles
 c - 2 rations


   Skills:
 + Level 2.7(2.4) Dodging
 + Level 3.0(2.7) Stealth
 + Level 2.3(2.1) Spellcasting
 + Level 4.3(4.0) Summonings


You had 4 spell levels left.
You knew the following spells:

 Your Spells              Type           Power        Failure   Level  Hunger
a - Summon Small Mammal   Summ           ##..         4%          1    #......

Your spell library contained the following spells:

 Spells                   Type           Power        Failure   Level  Hunger
 Call Imp                 Summ           ##......     6%          2    ###....
 Call Canine Familiar     Summ           ##......     12%         3    ###....
 Summon Guardian Golem    Hex/Summ       #.......     28%         3    ###....
 Summon Ice Beast         Ice/Summ       #.......     67%         4    #####..
 Summon Lightning Spire   Summ/Air       #.......     67%         4    #####..


Dungeon Overview and Level Annotations

Branches:
Dungeon (2/15)

Altars:

Annotations:
D:2 Crazy Yiuf, Terence


Innate Abilities, Weirdness & Mutations

You are small and have problems with some larger weapons.
You are carnivorous and can eat meat at any time.


Message History

Your surroundings suddenly seem different.
Crazy Yiuf the Enlightened comes into view.
He is wielding a +4 quarterstaff of chaos and carrying a wand of flame (24).
Found a glowing mace.
Found a runed translucent door.
Casting: Summon Small Mammal (safe; 3% risk of failure)
Confirm with . or Enter, or press ? or * to list all spells.
Crazy Yiuf hits you with a +4 quarterstaff of chaos.
You feel drained.
Casting: Summon Small Mammal (safe; 4% risk of failure)
Confirm with . or Enter, or press ? or * to list all spells.
Crazy Yiuf hits you with a +4 quarterstaff of chaos.
You feel yourself slow down.
Your quokka bites Crazy Yiuf but does no damage.
You open the door.
Your quokka bites Crazy Yiuf but does no damage.
Crazy Yiuf closely misses you.
Your rat bites Crazy Yiuf but does no damage.
Your quokka bites Crazy Yiuf.
Crazy Yiuf cries, "You leg down broken song, no?"
Crazy Yiuf zaps a wand.
The puff of flame hits you.
You die...

♣#.........#
#.#
♣♣..........#
###.#
♣♣.#.#########
#...#
♣♣♣♣..#)##
#####
#........#
#####
######..#..#
#rr.#
........####
#g..#
######†#####
#...#
...........#
##@##
..###.######
#.# #.# ##.
###.###### .#
#........# #.
#.#.###### ##
###.#.######
...........#
P#
###..#######
.#


You could see Crazy Yiuf, a friendly quokka and a friendly rat.

Vanquished Creatures
  A bat (D:1)
  A hobgoblin (D:1)
2 creatures vanquished.

Vanquished Creatures (collateral kills)
  An ooze (D:1)
  2 leopard geckos (D:2)
  A bat (D:1)
  4 goblins
  2 hobgoblins (D:2)
  3 jackals (D:1)
  A ball python (D:1)
  A kobold (D:1)
  2 rats
17 creatures vanquished.

Grand Total: 19 creatures vanquished

Notes
Turn   | Place    | Note
-------+----------+-------------------------------------------
     0 | D:1      | Scud the Kobold Summoner began the quest for the Orb.
     0 | D:1      | Reached XP level 1. HP: 10/10 MP: 3/3
   222 | D:1      | Reached XP level 2. HP: 15/15 MP: 3/5
  1562 | D:2      | Noticed Terence
  2129 | D:2      | Found a runed translucent door.
  2129 | D:2      | Noticed Crazy Yiuf
  2133 | D:2      | Killed from afar by Crazy Yiuf

Skill      XL: |  1  2 |
---------------+-------+-----
Stealth        | 3 |  3.0
Dodging        | |  2.7
Spellcasting   | |  2.3
Summonings     | |  4.3

Action                   || total
-------------------------++-------
Melee: Unarmed           ||    25
 Cast: Summon Small Mamm ||    55
  Use: Scroll            ||     1
       Potion            ||     2
 Stab: Distracted        ||     1
       Sleeping          ||     2
  Eat: Chunk             ||    12
Armor: Robe              ||    11
Dodge: Dodged            ||    45
